 Dungeon Crawl Stone Soup version 0.27-a0-1281-ge233d83751 (webtiles) character file.

Game seed: 7197269435762262659

128258 Froggeryz the Warrior (level 17, -3/122 HPs)
             Began as a Djinni Air Elementalist on June 13, 2021.
             Was the Champion of Hepliaklqana.
             Slain by an emperor scorpion (23 damage)
             ... on level 3 of the Spider Nest on June 14, 2021.
             The game lasted 01:01:57 (29237 turns).

Froggeryz the Warrior (Djinni Air Elementalist)    Turns: 29237, Time: 01:01:58

Health: -3/122     AC: 12    Str:  9    XL:     17   Next: 58%
Gold:   565        EV: 22    Int: 28    God:    Hepliaklqana [******] SH:  7 Dex: 25

rFire    + + +     SeeInvis .   L - +6 mace of Deformation {elec, rPois Dex+3}
rCold    . . .     Faith    .   H - +0 buckler
rNeg     + . .     Spirit   .   G - +2 robe {rC+ rF+}
rPois    ∞         Reflect  .   W - +0 helmet {Int+3}
rElec    +         Harm     .   z - scarf {repulsion}
rCorr    +         Rampage  .   X - +1 pair of gloves
Will     +....                  (boots unavailable)
Stlth    +++.......             J - amulet "Saunuh" {Regen+ rCorr Int+2 Stlth+}
HPRegen  1.30/turn              q - ring "Wusagec" {Drain rN+ AC+4 Str+2 Dex+4}
MPRegen  0.00/turn              h - ring "Catsaf" {rElec rCorr EV+4 Dex+3}

@: flying, repel missiles
A: reduced essence, sickness immunity, fire resistance 2, cold vulnerability 1,
float, innate caster, hp casting, extra vitality 1
a: Renounce Religion, Recall Ancestor, Ancestor Identity, Transference, Idealise


You were on level 3 of the Spider Nest.
You worshipped Hepliaklqana.
Hepliaklqana was exalted by your worship.
You visited 4 branches of the dungeon, and saw 22 of its levels.
You visited 1 bazaar.
You also visited: Sewer and Bailey.

You collected 2825 gold pieces.
You spent 2260 gold pieces at shops.

Inventory:

Hand Weapons
 L - the +6 mace of Deformation (weapon) {elec, rPois Dex+3}
   (You found it on level 8 of the Dungeon)

   Occasionally, upon striking a foe, it can discharge electrical energy and
   cause terrible harm.
   It affects your dexterity (+3).
   It protects you from poison.
Missiles
 A - a curare-tipped dart
 F - 2 boomerangs of dispersal
Armour
 p - the +5 robe of Night {Dark Will+ SInv}
   (You found it on level 1 of the Spider Nest)

   It lets you see invisible.
   It increases your willpower.
 z - a scarf of repulsion (worn)
 E - the +0 cloak of the Fife {rC- rN+ Will+ rCorr}
   (You found it in a bailey)

   It makes you vulnerable to cold.
   It protects you from negative energy.
   It protects you from acid and corrosion.
   It increases your willpower.
 G - a +2 robe of resistance (worn)
 H - a +0 buckler (worn)
 M - the +3 steam dragon scales "Siskal" {SInv}
   (You found it in a bailey)

   It lets you see invisible.
 W - a +0 helmet of intelligence (worn)
 X - a +1 pair of gloves (worn)
Magical Staves
 y - a staff of earth
Jewellery
 h - the ring "Catsaf" (right hand) {rElec rCorr EV+4 Dex+3}
   (You bought it in a shop on level 2 of the Orcish Mines)

   [ring of evasion]

   It affects your evasion (+4).
   It affects your dexterity (+3).
   It insulates you from electricity.
   It protects you from acid and corrosion.
 q - the ring "Wusagec" (left hand) {Drain rN+ AC+4 Str+2 Dex+4}
   (You found it on level 8 of the Dungeon)

   [ring of protection]

   It affects your AC (+4).
   It affects your strength (+2).
   It affects your dexterity (+4).
   It protects you from negative energy.
   It drains your maximum health when unequipped.
 r - a ring of resist corrosion
 s - a +4 ring of evasion
 J - the amulet "Saunuh" (around neck) {Regen+ rCorr Int+2 Stlth+}
   (You bought it in a shop on level 2 of the Orcish Mines)

   [amulet of regeneration]

   It affects your intelligence (+2).
   It increases your rate of health regeneration.
   It protects you from acid and corrosion.
   It makes you more stealthy.
Wands
 t - a wand of acid (5)
 v - a wand of flame (51)
 I - a wand of mindburst (30)
 K - a wand of iceblast (6)
 Q - a wand of digging (2)
 T - a wand of charming (17)
 V - a wand of polymorph (8)
Scrolls
 c - 22 scrolls of identify
 e - 8 scrolls of teleportation
 k - 6 scrolls of enchant weapon
 l - 3 scrolls of fear
 m - 7 scrolls of immolation
 N - 3 scrolls of magic mapping
 O - a scroll of enchant armour
 P - 3 scrolls of blinking
 S - 2 scrolls of fog
 U - a scroll of torment {unknown}
Potions
 a - a potion of mutation
 b - 2 potions of invisibility
 d - 2 potions of degeneration {unknown}
 f - 8 potions of heal wounds
 g - 14 potions of curing
 i - 6 potions of haste
 j - 11 potions of ambrosia
 n - 3 potions of cancellation {unknown}
 o - 9 potions of might
 u - a potion of berserk rage {unknown}
 w - 4 potions of attraction {unknown}
 B - 3 potions of brilliance {unknown}
 C - 5 potions of flight {unknown}
 D - 3 potions of resistance
 R - 3 potions of magic {unknown}
Miscellaneous
 x - a phantom mirror


   Skills:
 + Level 17.1 Fighting
 - Level 7.0 Armour
 - Level 7.0 Dodging
 - Level 1.5 Stealth
 - Level 6.0 Shields
 + Level 16.0 Spellcasting
 - Level 4.0 Invocations


You had 2 spell levels left.
You knew the following spells:

 Your Spells              Type           Power      Damage    Failure   Level
a - Shock                 Conj/Air       100%       1d9       0%          1
b - Static Discharge      Conj/Air       84%        N/A       0%          2
c - Swiftness             Air            84%        N/A       0%          3
d - Airstrike             Air            42%        N/A       1%          4
e - Lightning Bolt        Conj/Air       42%        1d61      1%          5
f - Animate Skeleton      Necr           100%       N/A       0%          1
g - Poisonous Vapours     Pois/Air       100%       N/A       0%          2
h - Passwall              Tmut/Erth      70%        N/A       0%          2
i - Olgreb's Toxic Radia  Pois           84%        N/A       1%          4
j - Iskenderun's Mystic   Conj/Tloc      84%        2d17      1%          4
k - Iskenderun's Battles  Conj           84%        2d13      1%          5
l - Dispersal             Tloc           42%        N/A       1%          6
m - Ozocubu's Refrigerat  Ice            42%        4d13      2%          7
Your spell library was empty.

Dungeon Overview and Level Annotations

Branches:
Dungeon (11/15)            Temple (0/1) D:6            Lair (6/6) D:11
 Shoals (0/4) Lair:4       Spider (3/4) Lair:4        Slime (0/5) Lair:6
    Orc (2/2) D:9             Elf (0/3) Orc:2         Sewer (visited)
 Bailey (visited)

Altars:
Ashenzari
Dithmenos
Gozag
Hepliaklqana
Okawaru
Uskayaw
Vehumet
Xom
Zin
Jiyva

Shops:
D:2 [   Orc:1 !   Orc:2 ==[*

Annotations:
D:5 exclusion: two-headed ogre
D:6 3 runed translucent doors, Delamore's ghost, novice FoFi


Innate Abilities, Weirdness & Mutations

Your life essence is reduced to manifest your ancestor. (-10% HP)
You are immune to sickness and miasma.
You are immune to poison.
Your flesh is very heat resistant. (rF++)
You are vulnerable to cold. (rC-)
You float through the air rather than walking.
You learn spells naturally, not from books.
Your magical power is your life essence.
You have superior vitality. (+4 HP)


Message History

The air twists around and strikes the emperor scorpion.
The emperor scorpion is severely wounded.
You block the emperor scorpion's attack. x2
The emperor scorpion claws you.
* * * LOW HITPOINT WARNING * * *
Delamore hits the emperor scorpion with a +0 broad axe of flaming!
Delamore burns the emperor scorpion.
Casting: Airstrike (safe; 1% risk of failure)
Confirm with . or Enter, or press ? or * to list all spells.
Aiming: Airstrike (safe; 1% risk of failure)
Press: ? - help, Dir - move target, f/p - emperor scorpion
Aim: an emperor scorpion (almost dead, ally target)
The air twists around and strikes the emperor scorpion!
The emperor scorpion is almost dead.
* * * LOW HITPOINT WARNING * * *
The emperor scorpion misses you. The emperor scorpion claws you!
* * * LOW HITPOINT WARNING * * *
You block the emperor scorpion's attack.
Delamore closely misses the emperor scorpion.
Casting: Airstrike (safe; 1% risk of failure)
Confirm with . or Enter, or press ? or * to list all spells.
Aiming: Airstrike (safe; 1% risk of failure)
Press: ? - help, Dir - move target, f/p - emperor scorpion
Aim: an emperor scorpion (almost dead, ally target)
The air twists around and strikes the emperor scorpion.
The emperor scorpion is almost dead.
* * * LOW HITPOINT WARNING * * *
The emperor scorpion completely misses you.
The emperor scorpion claws you but does no damage.
You block the emperor scorpion's attack.
Delamore barely misses the emperor scorpion.
Casting: Airstrike (safe; 1% risk of failure)
Confirm with . or Enter, or press ? or * to list all spells.
Aiming: Airstrike (safe; 1% risk of failure)
Press: ? - help, Dir - move target, f/p - emperor scorpion
Aim: an emperor scorpion (almost dead, ally target)
The air twists around and strikes the emperor scorpion but does no damage.
* * * LOW HITPOINT WARNING * * *
The emperor scorpion stings you!!
You die...

#... #..## # ##..# ^# ##..##
.. ### .# ^#...#♣#....####..
.^# ##.......##......##..#
#........^.......R..#
†..#####.....###.s.# ^#.####
##....@### .##...#
##.#.#.^########
..#.#.####.....#.....##.####
#.#..#^..#.#...#^#.#..^^#..##
.....#.#...#.#^.#.........#.#
.#.###....#......#...#.###.†#
.#.##...#.######.†..######..#
....#.#.........#†#.###..†###
#..##...#..#.#..######†#†##
####


You could see the friendly Delamore the knight and an emperor scorpion (ally
target).

Vanquished Creatures
  Rupert (Spider:1)
  An emperor scorpion (Spider:3)
  2 ghost moths
  The ghost of Pegreged the Tainter, a journeyman OpVM of Sif Muna (Lair:5)
  A spark wasp (Spider:3)
  Harold (D:10)
  A catoblepas (Lair:6)
  2 hydras
  A boulder beetle (Spider:1)
  An ice dragon (Lair:6)
  4 death yaks (Lair:6)
  A two-headed ogre (D:10)
  Pikel (D:9)
  2 lindwurms (Lair:6)
  2 orc sorcerers (Orc:2)
  12 orb spiders
  An ugly thing (D:10)
  6 orc knights
  An oklob plant (Lair:2)
  11 wolf spiders
  A moth of wrath (Spider:2)
  7 elephants
  3 manticores
  8 black mambas
  4 torpor snails (Lair:6)
  Joseph (D:9)
  3 rime drakes
  Maggie (D:6)
  16 cane toads
  3 kobold demonologists (D:6)
  6 demonic crawlers
  7 komodo dragons
  2 trolls
  2 queen bees
  17 jumping spiders
  2 polar bears
  3 meliai (Spider:3)
  4 hornets
  3 tyrant leeches (Lair:6)
  33 blink frogs
  Prince Ribbit (D:6)
  3 dream sheep (Lair:6)
  31 redbacks
  A shadow (D:10)
  24 tarantellas
  Sigmund (D:3)
  5 wyverns
  5 basilisks
  39 yaks
  Grum (D:9)
  3 vampire mosquitoes (D:10)
  2 steam dragons
  A warg (Orc:1)
  Edmund (D:6)
  Duvessa (D:4)
  12 water moccasins
  A black bear (D:7)
  An ice beast (D:7)
  2 ogres
  27 orc warriors
  A necrophage (D:4)
  55 wolves
  14 centaurs
  A lemure (D:9)
  A gnoll sergeant (D:7)
  2 kobold brigands
  11 bullfrogs
  4 scorpions
  Dowan (D:4)
  44 killer bees
  12 wights
  11 electric eels
  A centaur zombie (D:9)
  3 hounds
  A bullfrog zombie (D:5)
  2 jellies (D:6)
  A centaur skeleton (D:7)
  A bullfrog skeleton (D:7)
  A gnoll shaman (D:6)
  9 orc priests
  An iguana (D:7)
  16 orc wizards
  5 hell rats
  A killer bee zombie (D:8)
  11 gnolls
  A howler monkey skeleton (D:7)
  4 river rats
  8 adders
  2 shadow imps
  2 white imps (D:6)
  An ufetubus (D:4)
  2 worms
  10 dart slugs
  72 orcs
  5 endoplasms
  2 giant cockroaches (D:3)
  13 goblins
  9 hobgoblins
  7 jackals
  6 quokkas
  11 ball pythons
  3 bats (D:2)
  3 frilled lizards
  28 kobolds
  19 rats
759 creatures vanquished.

Vanquished Creatures (collateral kills)
  An emperor scorpion (Spider:2)
  2 entropy weavers
  4 hydras
  A catoblepas (Lair:5)
  3 orc knights
  A lindwurm (Lair:6)
  An orb spider (Spider:3)
  8 wolf spiders
  A cyclops (D:11)
  3 black mambas
  15 elephants
  2 cane toads
  4 torpor snails (Lair:6)
  4 rime drakes
  2 demonic crawlers (Spider:2)
  4 komodo dragons
  A troll (Orc:2)
  4 jumping spiders (Spider:3)
  3 hornets (Lair:6)
  Grinder (D:3)
  8 blink frogs
  5 redbacks
  A wraith (D:11)
  A wyvern (D:6)
  3 tarantellas
  Eustachio (D:4)
  34 yaks
  A vampire mosquito (D:10)
  4 water moccasins
  An ice beast (D:5)
  2 black bears
  8 orc warriors
  A necrophage (D:4)
  7 wolves
  A centaur (D:5)
  2 kobold brigands
  3 bullfrogs
  A scorpion (D:5)
  A gnoll sergeant (D:9)
  3 killer bees
  3 wights
  A centaur zombie (D:9)
  A hound (D:7)
  4 orc priests
  Crazy Yiuf (D:4)
  A bullfrog skeleton (D:5)
  An iguana (D:6)
  4 orc wizards
  A killer bee zombie (D:8)
  A howler monkey zombie (D:6)
  Robin (D:3)
  A hound skeleton (D:4)
  5 gnolls
  5 adders
  3 river rats
  An adder zombie (D:5)
  4 worms
  4 orcs
  A goblin (D:3)
  3 kobolds (Sewer)
  2 frilled lizards (Sewer)
  5 rats
206 creatures vanquished.

Vanquished Creatures (others)
  5 knights
  29 fungi
  63 plants
97 creatures vanquished.

Grand Total: 1062 creatures vanquished

Notes
Turn   | Place    | Note
-------+----------+-------------------------------------------
     0 | D:1      | Froggeryz the Djinni Air Elementalist began the quest for
                  | the Orb.
     0 | D:1      | Reached XP level 1. HP: 15/15 MP: 0/0
    89 | D:1      | Reached XP level 2. HP: 7/21 MP: 0/0
   515 | D:1      | Found a faded altar of an unknown god.
   799 | D:1      | Reached XP level 3. HP: 23/25 MP: 0/0
   799 | D:1      | Learned a level 1 spell: Animate Skeleton
  1349 | D:1      | Became a worshipper of Hepliaklqana the Forgotten
  1349 | D:1      | Reached * piety under Hepliaklqana
  1740 | D:2      | Found Hiag's Antique Armour Shop.
  1984 | D:2      | Found a shimmering altar of Xom.
  2003 | D:2      | Reached XP level 4. HP: 20/27 MP: 0/0
  2486 | D:2      | Reached ** piety under Hepliaklqana
  2487 | D:2      | Remembered your ancestor Delamore as a knight
  2868 | D:3      | Noticed Robin
  2874 | D:3      | Killed Robin
  3176 | D:3      | Noticed Grinder
  3193 | D:3      | Killed Grinder
  3194 | D:3      | Reached XP level 5. HP: 22/31 MP: 0/0
  3194 | D:3      | Learned a level 2 spell: Poisonous Vapours
  3194 | D:3      | Reached XP level 6. HP: 26/36 MP: 0/0
  3278 | D:3      | Found a hide-covered altar of Uskayaw.
  3418 | D:3      | Noticed Sigmund
  3422 | D:3      | Killed Sigmund
  3423 | D:3      | Reached skill level 5 in Spellcasting
  3423 | D:3      | Reached XP level 7. HP: 33/40 MP: 0/0
  3423 | D:3      | Learned a level 2 spell: Passwall
  3626 | D:4      | Reached skill level 5 in Dodging
  3909 | D:4      | Reached XP level 8. HP: 21/45 MP: 0/0
  4087 | D:4      | Found a shadowy altar of Dithmenos.
  4218 | D:4      | Noticed Dowan
  4218 | D:4      | Noticed Duvessa
  4229 | D:4      | Killed Duvessa
  4232 | D:4      | Killed Dowan
  4455 | D:4      | Noticed Eustachio
  4460 | D:4      | Killed Eustachio
  4914 | D:4      | Found a runed translucent door.
  4915 | D:4      | Noticed Crazy Yiuf
  5148 | D:4      | Killed Crazy Yiuf
  5211 | D:5      | Entered Level 5 of the Dungeon
  5224 | D:5      | Reached *** piety under Hepliaklqana
  5569 | D:5      | Noticed a two-headed ogre
  5745 | D:5      | Reached XP level 9. HP: 27/49 MP: 0/0
  5745 | D:5      | Learned a level 4 spell: Olgreb's Toxic Radiance
  6054 | D:5      | Reached skill level 1 in Fighting
  6576 | D:6      | Reached skill level 2 in Fighting
  6748 | D:6      | Found a glowing drain.
  6759 | Sewer    | Entered a sewer
  7575 | D:6      | Noticed Maggie
  7583 | D:6      | Killed Maggie
  7584 | D:6      | Reached skill level 3 in Fighting
  7757 | D:6      | Found a staircase to the Ecumenical Temple.
  7763 | D:6      | Noticed Edmund
  7777 | D:6      | Killed Edmund
  7934 | D:6      | Found a broken altar of Ashenzari.
  8034 | D:6      | Reached skill level 4 in Fighting
  8034 | D:6      | Reached XP level 10. HP: 51/60 MP: 0/0
  8255 | D:6      | Noticed Prince Ribbit
  8267 | D:6      | Killed Prince Ribbit
  8591 | D:6      | Noticed a kobold demonologist
  8591 | D:6      | Noticed a kobold demonologist
  8592 | D:6      | Noticed a rust devil
  8629 | D:6      | Noticed a kobold demonologist
  8634 | D:6      | Killed a kobold demonologist
  8635 | D:6      | Reached skill level 5 in Fighting
  8642 | D:6      | Killed a kobold demonologist
  8644 | D:6      | Killed a kobold demonologist
  9060 | D:6      | Found a runed translucent gate.
  9060 | D:6      | Found a runed translucent gate.
  9232 | D:6      | Found a runed translucent gate.
  9232 | D:6      | Noticed Delamore's ghost (novice FoFi)
  9713 | D:7      | Reached skill level 6 in Fighting
  9976 | D:7      | Reached **** piety under Hepliaklqana
 10134 | D:7      | Reached skill level 10 in Spellcasting
 10505 | D:7      | Reached skill level 1 in Shields
 10654 | D:7      | Reached XP level 11. HP: 42/68 MP: 0/0
 10654 | D:7      | Learned a level 4 spell: Iskenderun's Mystic Blast
 11897 | D:8      | Found an iron altar of Okawaru.
 12391 | D:8      | Identified the +6 mace of Deformation {elec, rPois Dex+3}
 12483 | D:8      | Reached skill level 5 in Shields
 13035 | D:8      | Identified the ring "Wusagec" {Drain rN+ AC+4 Str+2 Dex+4}
 13375 | D:9      | Noticed Grum
 13391 | D:9      | Killed Grum
 13531 | D:9      | Reached skill level 1 in Invocations
 13576 | D:9      | Found a flagged portal.
 13587 | Bailey   | Entered a bailey
 13711 | Bailey   | Noticed an orc knight
 13712 | Bailey   | Reached ***** piety under Hepliaklqana
 13746 | Bailey   | Killed an orc knight
 13803 | Bailey   | Noticed an orc knight
 13818 | Bailey   | Killed an orc knight
 13819 | Bailey   | Reached skill level 7 in Fighting
 13930 | Bailey   | Identified the +0 cloak of the Fife {rC- rN+ Will+ rCorr}
 13940 | Bailey   | Noticed an orc knight
 13954 | Bailey   | Killed an orc knight
 14269 | Bailey   | Identified the +3 steam dragon scales "Siskal" {SInv}
 14576 | D:9      | Found a staircase to the Orcish Mines.
 14583 | D:9      | Reached skill level 1 in Armour
 14635 | D:9      | Noticed Joseph
 14642 | D:9      | Killed Joseph
 14643 | D:9      | Reached XP level 12. HP: 52/76 MP: 0/0
 15045 | D:9      | Noticed Pikel
 15055 | D:9      | Killed Pikel
 15353 | Orc:1    | Entered Level 1 of the Orcish Mines
 15353 | Orc:1    | Found Deripn's Distillery.
 15566 | Orc:1    | Bought 2 potions of curing for 78 gold pieces
 15737 | Orc:2    | Entered Level 2 of the Orcish Mines
 15791 | Orc:2    | Found a staircase to the Elven Halls.
 15814 | Orc:2    | Found a flickering gateway to a bazaar.
 15837 | Bazaar   | Entered a bazaar
 15837 | Bazaar   | Found Xiowom's Antique Weapon Shoppe.
 15837 | Bazaar   | Found Tollatsi's Antique Weapon Boutique.
 15837 | Bazaar   | Found Hontiun's Antique Weapon Shoppe.
 15837 | Bazaar   | Found Rofyvu's Book Shop.
 16061 | Bazaar   | Found Naiwin's Distillery.
 16061 | Bazaar   | Found Risheeh's Book Shop.
 16088 | Bazaar   | Bought a potion of mutation for 72 gold pieces
 16088 | Bazaar   | Bought a potion of curing for 27 gold pieces
 16088 | Bazaar   | Bought a potion of heal wounds for 45 gold pieces
 16088 | Bazaar   | Bought a potion of haste for 90 gold pieces
 16088 | Bazaar   | Bought a potion of resistance for 90 gold pieces
 16088 | Bazaar   | Bought a potion of curing for 27 gold pieces
 16088 | Bazaar   | Bought a potion of curing for 27 gold pieces
 16088 | Bazaar   | Bought a potion of ambrosia for 72 gold pieces
 16156 | Orc:2    | Reached skill level 8 in Fighting
 16388 | Orc:2    | Reached skill level 5 in Armour
 18324 | Orc:2    | Found Plog's Jewellery Boutique.
 18324 | Orc:2    | Found Tadoqoixt's Armour Emporium.
 18326 | Orc:2    | Found Zuurikkum's Assorted Antiques.
 18328 | Orc:2    | Found Fihigific's Jewellery Shop.
 18383 | Orc:2    | Reached XP level 13. HP: 74/83 MP: 0/0
 18383 | Orc:2    | Learned a level 5 spell: Iskenderun's Battlesphere
 19033 | Orc:2    | Bought the amulet "Saunuh" {Regen+ rCorr Int+2 Stlth+} for
                  | 644 gold pieces
 19038 | Orc:2    | Upgraded the game from 0.27-a0-1280-g9d2d252d84 to
                  | 0.27-a0-1281-ge233d83751
 19104 | D:10     | Entered Level 10 of the Dungeon
 19139 | D:10     | Noticed Harold
 19155 | D:10     | Killed Harold
 19156 | D:10     | Reached skill level 9 in Fighting
 19483 | D:10     | Found a glowing silver altar of Zin.
 19483 | D:10     | Found an opulent altar of Gozag.
 19641 | D:11     | Reached skill level 10 in Fighting
 19749 | D:11     | Found a staircase to the Lair.
 20139 | D:11     | Reached ****** piety under Hepliaklqana
 20332 | Lair:1   | Entered Level 1 of the Lair of Beasts
 21185 | Lair:2   | Reached skill level 11 in Fighting
 21299 | Lair:2   | Reached XP level 14. HP: 88/94 MP: 0/0
 22084 | Lair:3   | Reached skill level 12 in Fighting
 22495 | Lair:3   | You are sucked into a shaft and drop 3 floors!
 22495 | Lair:6   | Entered Level 6 of the Lair of Beasts
 22715 | Lair:6   | Reached skill level 13 in Fighting
 23069 | Lair:3   | Reached XP level 15. HP: 100/103 MP: 0/0
 23069 | Lair:3   | Learned a level 6 spell: Dispersal
 23629 | Lair:4   | Found a staircase to the Shoals.
 23659 | Lair:4   | Found a hole to the Spider Nest.
 24039 | Lair:5   | Reached skill level 14 in Fighting
 24109 | Lair:5   | Found a large runed translucent door.
 24109 | Lair:5   | Found a large runed translucent door.
 24127 | Lair:5   | Noticed Pegreged's ghost (journeyman OpVM)
 24847 | Lair:5   | Killed Pegreged's ghost
 24987 | Lair:6   | Reached XP level 16. HP: 98/111 MP: 0/0
 25030 | Lair:6   | Found a runed translucent door.
 25092 | Lair:6   | Reached skill level 15 in Fighting
 25373 | Lair:6   | Found a viscous altar of Jiyva.
 25373 | Lair:6   | Found a staircase to the Slime Pits.
 26700 | D:2      | Bought a shiny helmet for 142 gold pieces
 26700 | D:2      | Bought a pair of embroidered gloves for 142 gold pieces
 26984 | Orc:2    | Bought the ring "Catsaf" {rElec rCorr EV+4 Dex+3} for 804
                  | gold pieces
 27151 | Spider:1 | Entered Level 1 of the Spider Nest
 27207 | Spider:1 | Reached skill level 15 in Spellcasting
 27361 | Spider:1 | Noticed Rupert
 27374 | Spider:1 | Killed Rupert
 27488 | Spider:1 | Reached skill level 16 in Fighting
 27605 | Spider:1 | Found the +5 robe of Night {Dark Will+ SInv}
 28051 | Spider:2 | Reached XP level 17. HP: 104/120 MP: 0/0
 28051 | Spider:2 | Learned a level 7 spell: Ozocubu's Refrigeration
 29028 | Spider:3 | Reached skill level 17 in Fighting
 29158 | Spider:3 | Found a hide-covered altar of Uskayaw.
 29237 | Spider:3 | Slain by an emperor scorpion

Illustrated notes

Levels and vault maps discovered:
D:1:      giann_forest_graveyard, layout_rooms,
          hellmonk_ecumenical_altar_pennies_from_heaven, serial_forest,
          infiniplex_forest_straight_5, infiniplex_forest_straight_2,
          infiniplex_forest_lined_room_, infiniplex_forest_corner_2,
          infiniplex_forest_straight_5, infiniplex_forest_clump_small,
          infiniplex_forest_clump_cross, infiniplex_forest_corner_1,
          infiniplex_forest_clump_long, infiniplex_forest_clump_double
D:2:      layout_loops_corners, basic_altar, serial_shops,
          nicolae_shop_overgrown_old_shop
D:3:      layout_loops_cross, eat_drink_and_be_merry_uskayaw, solitary_fountain,
          uniq_sigmund, uniq_robin, uniq_grinder
D:4:      layout_basic, nicolae_overflow_hidden_temple, minmay_crossroads,
          uniq_eustachio, uniq_duvessa, uniq_crazy_yiuf_cottage
D:5:      layout_basic, minivault_26
D:6:      layout_basic, gammafunk_temple_overflow_wave,
          minmay_temple_entry_large_hall, gammafunk_ghost_necromancy,
          lightli_sewer_entry_pipes, serial_glass, glass_columns_a,
          glass_columns_a, glass_columns_b, st_stairs_2, grunt_potential,
          uniq_maggie, uniq_edmund, uniq_prince_ribbit1
D:7:      kennysheep_slugbush, layout_basic
D:8:      layout_loops_corners, david_defended_altar_orc
D:9:      layout_irregular_city, david_orc_2, enter_bailey_5,
          serial_bayou_pond_c, minmay_misc_feat_iff, grunt_ministairs_3,
          minmay_holes, dk_rats_in_the_wall, uniq_grum, uniq_pikel, uniq_joseph
D:10:     layout_gridville, grunt_temple_overflow_gold_and_silver, uniq_harold
D:11:     layout_irregular_city, lair_entry_dummy
Lair:1:   layout_regular_city
Lair:2:   layout_misc_corridors, beast_lair_carwin_2, grunt_megastairs_4
Lair:3:   regret_index_wax_grids, layout_loops_ring, beast_lair_carwin_5,
          serial_bayou_shore_b
Lair:4:   layout_roguey, shoals_dummy_entry, nicolae_spider_entry_orb_guardian
Lair:5:   layout_roguey, ebering_ghost_disaster_area, grunt_megastairs_3,
          infiniplex_staircase_pool
Lair:6:   wormcave, layout_long_grid, hangedman_lair_in_review,
          dpeg_slime_entry_enclosed_altar, st_stairs_9,
          grunt_forest_large_clearings
Spider:1: layout_spider_delve, uniq_rupert
Spider:2: layout_spider_delve
Spider:3: layout_spider_delve, gammafunk_ghost_abyssal_escape, special_room
          [special_room_bee], nicolae_spider_altar_of_dancing
Orc:1:    layout_caves, serial_shops, shop
Orc:2:    st_orc_rangers, layout_diamond_mine, serial_shops, bzr_entry_islet,
          hellmonk_bongcloud_opening, nicolae_orc_rockfall

Skill      XL: |  1  2  3  4  5  6  7  8  9 10 11 12 13 14 15 16 17 |
---------------+----------------------------------------------------+-----
Spellcasting   | 3 4 5 7 8 10 11 12 13 14 15 16 | 16.0
Dodging        | 3 4 5 6 7 |  7.0
Fighting       | 4 6 7 8 11 13 14 16 17 | 17.1
Shields        | 1 6 |  6.0
Invocations    | 3 4 |  4.0
Armour         | 1 6 7 |  7.0
Stealth        | |  1.5

Action                   |  1- 3 |  4- 6 |  7- 9 | 10-12 | 13-15 | 16-18 || total
-------------------------+-------+-------+-------+-------+-------+-------++-------
Melee: Dagger            |       |       |    26 |       |       |       ||    26
       Mace              |       |       |       |    12 |    35 |    29 ||    76
 Cast: Shock             |    54 |    53 |   245 |    19 |   100 |    83 ||   554
       Poisonous Vapours |       |       |     7 |    76 |    31 |    28 ||   142
       Airstrike         |       |       |     3 |   194 |   275 |   177 ||   649
       Olgreb's Toxic Ra |       |       |       |    56 |    96 |    83 ||   235
       Iskenderun's Batt |       |       |       |       |    13 |     9 ||    22
       Animate Skeleton  |       |       |       |       |     1 |       ||     1
       Swiftness         |       |       |       |       |     1 |       ||     1
       Dispersal         |       |       |       |       |     1 |     1 ||     2
       Ozocubu's Refrige |       |       |       |       |       |     4 ||     4
Invok: Ancestor Identity |       |     2 |       |       |       |       ||     2
       Ancestor Life: Kn |       |     1 |       |       |       |       ||     1
       Recall Ancestor   |       |       |     1 |       |     1 |       ||     2
  Use: Scroll            |     2 |       |     5 |     9 |       |     1 ||    17
       Potion            |       |       |       |     3 |       |     1 ||     4
 Stab: Sleeping          |       |       |     1 |     1 |       |       ||     2
Armor: Robe              |       |       |    10 |     1 |       |    44 ||    55
       Steam dragon scal |       |       |       |    14 |    74 |    13 ||   101
Dodge: Dodged            |     6 |     7 |    25 |    73 |   168 |   188 ||   467
Block: Buckler           |       |       |       |    23 |    68 |    72 ||   163

Table legend: (Time is in decaauts)
 A = Elapsed time spent in this place.
 B = Non-inter-level travel time spent in this place.
 C = Inter-level travel time spent in this place.
 D = Time resting spent in this place.
 E = Time spent auto-exploring this place.
 F = Levels seen in this place.
 G = Mean time per level.
                   A        B        C        D        E       F      G
               +--------+--------+--------+--------+--------+-----+--------+
         Total |  29317 |  27725 |   1592 |   2094 |  21143 |  25 | 1172.7 |
       Dungeon |  15654 |  14713 |    941 |    699 |  12459 |  11 | 1423.1 |
          Lair |   6228 |   5829 |    399 |    173 |   4235 |   6 | 1038.0 |
   Spider Nest |   2092 |   2033 |     59 |     95 |   1327 |   3 |  697.3 |
  Orcish Mines |   3570 |   3378 |    192 |    847 |   2035 |   2 | 1785.0 |
        Bazaar |    254 |    254 |      0 |    222 |     19 |   1 |  254.0 |
         Sewer |    810 |    810 |      0 |     58 |    572 |   1 |  810.0 |
        Bailey |    705 |    705 |      0 |      0 |    496 |   1 |  705.0 |
               +--------+--------+--------+--------+--------+-----+--------+

Top non-repeatable levels by time:
     D:7: 2384 daAuts
   Orc:2: 2228 daAuts
     D:6: 2086 daAuts
  Lair:6: 1663 daAuts
     D:4: 1660 daAuts
     D:9: 1637 daAuts
     D:8: 1536 daAuts
     D:1: 1379 daAuts
     D:5: 1342 daAuts
   Orc:1: 1341 daAuts
     D:2: 1338 daAuts
  Lair:3: 1132 daAuts
  Lair:5: 1055 daAuts
     D:3: 1020 daAuts
Spider:2: 882 daAuts
